 Dungeon Crawl Stone Soup version 0.29.1-15-g9cfb28693d (webtiles) character file.

Game seed: 8834864359849790100

67 Ast3rio the Cutter (level 4, -6/41 HPs)
             Began as a Gnoll Cinder Acolyte on Mar 8, 2023.
             Was a High Priest of Ignis.
             Mangled by a black bear (7 damage)
             ... on level 3 of the Dungeon.
             The game lasted 00:05:39 (1986 turns).

Ast3rio the Cutter (Gnoll Cinder Acolyte)           Turns: 1986, Time: 00:05:39

Health: -6/41      AC:  2    Str: 14    XL:     4   Next: 16%
Magic:  5/8        EV:  9    Int: 15    God:    Ignis [*****.]
Gold:   92         SH:  6    Dex:  7    Spells: 7/9 levels left

rFire   + . .      SeeInvis .   a - -1 short sword (flame)
rCold   . . .      Faith    .   g - +0 kite shield
rNeg    . . .      Spirit   .   b - +0 robe
rPois   .          Reflect  .   (no helmet)
rElec   .          Harm     .   (no cloak)
rCorr   .          Rampage  .   (no gloves)
Will    .....                   (no boots)
Stlth   +.........              (no amulet)
HPRegen 0.13/turn               (no ring)
MPRegen 0.11/turn               (no ring)

@: no status effects
A: fangs 1, strong nose, distributed training
a: Renounce Religion, Fiery Armour, Foxfire Swarm, Rising Flame


You were on level 3 of the Dungeon.
You worshipped Ignis.
Ignis was extremely pleased with you.
You visited 1 branch of the dungeon, and saw 3 of its levels.

You collected 92 gold pieces.

Inventory:

Hand Weapons
 a - a -1 short sword of flaming (weapon)
Armour
 b - a +0 robe (worn)
 g - a +0 kite shield (worn)
Jewellery
 j - a ring of protection from cold
 m - an amulet of regeneration
Scrolls
 d - a scroll of enchant armour {unknown}
 e - 2 scrolls of identify {unknown}
 h - 2 scrolls of teleportation {unknown}
 k - a scroll of torment {unknown}
 l - a scroll of blinking {unknown}
 o - a scroll of magic mapping {unknown}
Potions
 c - 4 potions of curing {unknown}
 f - a potion of brilliance {unknown}
 i - a potion of mutation {unknown}
 n - a potion of degeneration {unknown}


   Skills:
 + Level 6.6 Fighting
 + Level 6.6 Short Blades
 + Level 1.1 Long Blades
 + Level 1.1 Axes
 + Level 1.1 Maces & Flails
 + Level 1.1 Polearms
 + Level 1.1 Staves
 + Level 1.1 Ranged Weapons
 + Level 1.1 Throwing
 + Level 1.1 Armour
 + Level 1.1 Dodging
 + Level 1.1 Stealth
 + Level 1.1 Shields
 + Level 1.1 Unarmed Combat
 + Level 3.0 Spellcasting
 + Level 0.8 Conjurations
 + Level 0.8 Hexes
 + Level 0.8 Summonings
 + Level 0.8 Necromancy
 + Level 0.8 Translocations
 + Level 0.8 Transmutations
 + Level 5.4 Fire Magic
 + Level 0.8 Ice Magic
 + Level 0.8 Air Magic
 + Level 0.8 Earth Magic
 + Level 0.8 Poison Magic
 + Level 1.2 Invocations
 + Level 1.1 Evocations


You had 7 spell levels left.
You knew the following spells:

 Your Spells              Type           Power      Damage    Failure   Level
a - Scorch                Fire           36%        2d7       11%         2

Your spell library contained the following spells:

 Spells                   Type           Power      Damage    Failure   Level


Dungeon Overview and Level Annotations

Branches:
Dungeon (3/15)

Altars:


Innate Abilities, Weirdness & Mutations

You have very sharp teeth.
Your uncanny sense of smell can sniff out nearby items.
Your experience applies equally to all skills.


Message History

You hit the worm. You burn the worm.
The worm is almost dead.
You block the frilled lizard's attack.
You barely miss the worm.
The worm is almost dead.
You block the worm's attack. The frilled lizard bites you.
You hit the worm but do no damage. You bite the worm.
The worm is almost dead.
The frilled lizard barely misses you.
You hit the worm. You burn the worm. You bite the worm.
You kill the worm!
The frilled lizard bites you but does no damage.
A black bear comes into view.
You block the frilled lizard's attack.
The black bear moves out of view.
There is a stone staircase leading up here.
The black bear growls angrily.
You block the frilled lizard's attack.
The frilled lizard attacks as you move away!
The frilled lizard bites you but does no damage.
The black bear bites you.
* * * LOW HITPOINT WARNING * * *
The black bear claws you but does no damage.
The black bear barely misses you.
The black bear attacks as you move away!
The black bear barely misses you. x2; You block the black bear's attack.
The frilled lizard attacks as you move away!
The frilled lizard bites you.
* * * LOW HITPOINT WARNING * * *
There is a stone staircase leading down here.
The black bear attacks as you move away!
The black bear bites you!
* * * LOW HITPOINT WARNING * * *
The black bear claws you.
* * * LOW HITPOINT WARNING * * *
The black bear claws you but does no damage.
The frilled lizard attacks as you move away!
The frilled lizard bites you but does no damage.
The black bear attacks as you move away!
The black bear bites you!
You die...

### #.. #.#
#.###
#.#$########
####...........
#.@l..<........
#..h..#########
#.........∆
#..........
#...........
#...........
#.####...... #.
......


You could see a black bear and a frilled lizard.

Vanquished Creatures
  An adder (D:2)
  A worm (D:3)
  A dart slug (D:1)
  5 endoplasms
  4 giant cockroaches
  8 goblins
  5 hobgoblins
  4 kobolds (D:1)
  A quokka (D:2)
  5 ball pythons
  10 bats
  4 frilled lizards (D:2)
  2 rats
51 creatures vanquished.

Notes
Turn   | Place    | Note
-------+----------+-------------------------------------------
     0 | D:1      | Ast3rio the Gnoll Cinder Acolyte began the quest for the
                  | Orb.
     0 | D:1      | Reached XP level 1. HP: 23/23 MP: 4/4
    33 | D:1      | Reached XP level 2. HP: 19/29 MP: 5/5
    46 | D:1      | Learned a level 2 spell: Scorch
   787 | D:1      | Reached XP level 3. HP: 32/35 MP: 4/7
  1046 | D:2      | Reached skill level 1 in Invocations
  1513 | D:2      | Reached skill level 1 in Long Blades
  1513 | D:2      | Reached skill level 1 in Axes
  1513 | D:2      | Reached skill level 1 in Maces & Flails
  1513 | D:2      | Reached skill level 1 in Polearms
  1513 | D:2      | Reached skill level 1 in Staves
  1513 | D:2      | Reached skill level 1 in Ranged Weapons
  1513 | D:2      | Reached skill level 1 in Throwing
  1513 | D:2      | Reached skill level 1 in Armour
  1513 | D:2      | Reached skill level 1 in Dodging
  1513 | D:2      | Reached skill level 1 in Stealth
  1513 | D:2      | Reached skill level 1 in Shields
  1513 | D:2      | Reached skill level 1 in Unarmed Combat
  1513 | D:2      | Reached skill level 1 in Evocations
  1883 | D:2      | Reached XP level 4. HP: 39/41 MP: 8/8
  1981 | D:3      | Noticed a black bear
  1985 | D:3      | HP: 1/41 [black bear (2)]
  1986 | D:3      | Mangled by a black bear

Illustrated notes

Levels and vault maps discovered:
D:1:      minmay_arrival_three_doors, layout_rooms
D:2:      layout_rooms, chequers_decorated_corner
D:3:      layout_basic, shapermc_ecumenical_altar_venn,
          kennysheep_generic_room_8

Skill      XL: |  1  2  3  4 |
---------------+-------------+-----
Invocations    | 1 |  1.2
Long Blades    | 1 |  1.1
Axes           | 1 |  1.1
Maces & Flails | 1 |  1.1
Polearms       | 1 |  1.1
Staves         | 1 |  1.1
Ranged Weapons | 1 |  1.1
Throwing       | 1 |  1.1
Armour         | 1 |  1.1
Dodging        | 1 |  1.1
Stealth        | 1 |  1.1
Shields        | 1 |  1.1
Unarmed Combat | 1 |  1.1
Evocations     | 1 |  1.1
Spellcasting   | 3 |  3.0
Fighting       | |  6.6
Short Blades   | |  6.6
Conjurations   | |  0.8
Hexes          | |  0.8
Summonings     | |  0.8
Necromancy     | |  0.8
Translocations | |  0.8
Transmutations | |  0.8
Fire Magic     | |  5.4
Ice Magic      | |  0.8
Air Magic      | |  0.8
Earth Magic    | |  0.8
Poison Magic   | |  0.8

Action                   |  1- 3 |  4- 6 || total
-------------------------+-------+-------++-------
Melee: Short sword       |   131 |    32 ||   163
       Bite              |     8 |     7 ||    15
 Cast: Scorch            |    24 |     4 ||    28
Armor: Robe              |    54 |    15 ||    69
Dodge: Dodged            |    84 |    15 ||    99
Block: Kite shield       |    46 |    11 ||    57
